AoeStats
← ❀ MÔssieur Grobiz ❀

Arabia

504839450Analyzed
2v2 RM · 26d ago on Sep 6, 2026· 17m 5s· 4 players
Game mode
Random Map
Map size
Medium (4 player)
Population
200
Speed
Normal
Resources
Standard
Victory
Conquest
Starting age
Dark Age
Ending age
Imperial Age
RankedLock teamsTeams togetherTeam positionsShared explorationLock speedFull tech treeHidden civsTurbo modeCheats
Victory
Defeat
🇫🇷 Ethiopians · France
1020
+15
1015
+15
🇦🇷 Franks · Argentina
1000
-45
🇦🇷 Chinese · Argentina
1000
-45
Echenike9187
11:16 Feudal Age
matiasezf10
4:21 Loom
10:45 Feudal Age
14:35 Wheelbarrow
Furluk
6:36 Loom
9:19 Feudal Age
10:53 Double-Bit Axe
12:45 Wheelbarrow
12:45 Horse Collar
14:29 Town Watch
❀ MÔssieur Grobiz ❀
7:38 Loom
9:33 Feudal Age
10:25 Double-Bit Axe
10:49 Man-at-Arms
16:02 Scale Mail Armor
17:50 Forging
Connection lost

Rejoining the realm…

Still unreachable

The connection could not be restored.

Session expired

The server has moved on; the page needs a fresh start.